 Dungeon Crawl Stone Soup version 0.27-a0-385-g3208abaabc (webtiles) character file.

Game seed: 5119659484042235065

1181 scarywalker64 the Digger (level 8, -2/48 HPs)
             Began as a Gargoyle Earth Elementalist on Feb 18, 2021.
             Blown up by a gnoll (21 damage)
             ... with a mindburst bolt
             ... on level 4 of the Dungeon.
             The game lasted 00:14:51 (5541 turns).

scarywalker64 the Digger (GrEE)                     Turns: 5541, Time: 00:14:52

Health: -2/48      AC: 15    Str: 14    XL:     8   Next: 42%
Magic:  11/14      EV: 13    Int: 22    God:
Gold:   206        SH:  0    Dex: 16    Spells: 10/16 levels left

rFire    . . .     SeeInvis .   D - +0 whip (elec)
rCold    . . .     Faith    .   (no shield)
rNeg     + . .     Spirit   .   i - +0 animal skin
rPois    ∞         Reflect  .   j - +0 helmet
rElec    +         Harm     .   t - +2 cloak {rPois}
rCorr    .         Rampage  .   u - +2 pair of gloves
Will     .....                  s - +0 pair of boots
Stlth    ++........             (no amulet)
HPRegen  0.16/turn              q - +6 ring of intelligence
MPRegen  0.14/turn              B - +6 ring of dexterity

@: no status effects
A: negative energy resistance 1, electricity resistance, unbreathing,
petrification resistance, miasma immunity, AC +5
a: no special abilities


You were on level 4 of the Dungeon.
You visited 1 branch of the dungeon, and saw 4 of its levels.
You also visited: Sewer.

You collected 206 gold pieces.

Inventory:

Hand Weapons
 e - a +0 spear
 g - a +0 hunting sling
 D - a +0 whip of electrocution (weapon)
Missiles
 b - 51 stones
 k - 30 poisoned darts
 m - 42 sling bullets
 w - 16 bolts
 y - 15 arrows
Armour
 i - a +0 animal skin (worn)
 j - a +0 helmet (worn)
 s - a +0 pair of boots (worn)
 t - a +2 cloak of poison resistance (worn)
 u - a +2 pair of gloves (worn)
 A - a +0 kite shield
Magical Staves
 p - a staff of earth
Jewellery
 q - a +6 ring of intelligence (left hand)
 B - a +6 ring of dexterity (right hand)
Wands
 h - a wand of flame (32)
Scrolls
 d - 3 scrolls of teleportation
 f - 2 scrolls of fog
 v - a scroll of fear
 C - a scroll of identify
Potions
 a - a potion of haste {unknown}
 c - 2 potions of berserk rage
 l - a potion of curing {unknown}
 n - a potion of cancellation
 o - a potion of flight
 r - a potion of resistance
 x - a potion of might


   Skills:
 * Level 3.7 Fighting
 + Level 0.1 Short Blades
 + Level 2.2(2.5) Polearms
 + Level 2.0(2.5) Staves
 + Level 3.1 Dodging
 - Level 3.0 Stealth
 * Level 3.7 Shields
 * Level 4.5 Spellcasting
 + Level 0.7 Transmutations
 * Level 6.5 Earth Magic


You had 10 spell levels left.
You knew the following spells:

 Your Spells              Type           Power        Failure   Level
a - Sandblast             Erth           66%          1%          1
b - Passwall              Tmut/Erth      16%          3%          2
c - Stone Arrow           Conj/Erth      38%          9%          3

Your spell library contained the following spells:

 Spells                   Type           Power        Failure   Level
 Lee's Rapid Deconstruct  Erth           16%          21%         5
 Petrify                  Tmut/Erth      20%          24%         4


Dungeon Overview and Level Annotations

Branches:
Dungeon (4/15)              Sewer (visited)
 Temple: D:4-7

Altars:
Kikubaaqudgha
Ru

Annotations:
D:4 Menkaure


Innate Abilities, Weirdness & Mutations

You are resistant to torment.
Your stone body is resilient. (AC +5)
You are immune to poison.
You resist negative energy. (rN+)
You are resistant to electric shocks. (rElec)
You can survive without breathing.
You are immune to petrification.
You are immune to miasma.


Message History

The gnoll hits you.
You barely miss the gnoll.
The gnoll is heavily wounded.
The gnoll zaps a wand.
You struggle to resist.
The gnoll hits you but does no damage.
The gnoll zaps a wand.
You struggle to resist.
Things that are here:
a +0 robe; the kobold corpse of Pikel You hit the gnoll.
The gnoll is lightly wounded.
The gnoll closely misses you. The gnoll barely misses you.
You hit the gnoll.
The gnoll is moderately wounded.
The gnoll misses you. The gnoll closely misses you.
You completely miss the gnoll.
The gnoll is moderately wounded.
The gnoll hits you but does no damage. x2
You closely miss the gnoll.
The gnoll is moderately wounded.
The gnoll hits you.
You hit the gnoll.
The gnoll is heavily wounded.
The gnoll hits you! The gnoll hits you but does no damage.
You hit the gnoll.
The gnoll is severely wounded.
The gnoll hits you. The gnoll completely misses you.
The gnoll closely misses you.
You barely miss the gnoll.
The gnoll is severely wounded.
The gnoll barely misses you. x2
You hit the gnoll.
The gnoll is severely wounded.
The gnoll completely misses you. The gnoll misses you.
You hit the gnoll.
The gnoll is heavily wounded.
The gnoll closely misses you. The gnoll barely misses you.
You hit the gnoll but do no damage.
The gnoll is heavily wounded.
The gnoll zaps a wand.
Your mind is blasted!
You die...

#.##.######..# #.#.....#
..#.#.......## #.#.###.#
#.#.#.#......# #.......#
#...#.#.#....# ###.#####
#...#.#.#<...# #.#
#...#.#.##...# #.#
.##.....#.##...#####.#
..........##...#.g...#
..##.##...##...#@###.#
.##.#.###......#g..###
#...#...#........#......
.##.#.###......#....####
..##.##...##...#.#..#
.......)..##...#.#..#
#.######..##...#.# .#
..........##...#.# .#
#.#######.##...#.# #


You could see 2 gnolls.

Vanquished Creatures
  Pikel (D:4)
  An ogre (D:4)
  2 bullfrogs (Sewer)
  A howler monkey (D:4)
  A hound (D:4)
  Crazy Yiuf (D:2)
  A worker ant (D:4)
  An orc wizard (D:4)
  Robin (D:2)
  2 gnolls
  15 adders
  10 oozes (Sewer)
  2 worms
  2 dart slugs
  9 leopard geckos
  5 orcs
  12 ball pythons
  11 bats
  13 giant cockroaches
  15 goblins
  13 hobgoblins
  6 jackals
  5 kobolds
  4 quokkas
  17 frilled lizards
  10 rats
161 creatures vanquished.

Notes
Turn   | Place    | Note
-------+----------+-------------------------------------------
     0 | D:1      | scarywalker64 the Gargoyle Earth Elementalist began the
                  | quest for the Orb.
     0 | D:1      | Reached XP level 1. HP: 10/10 MP: 3/3
   187 | D:1      | Reached XP level 2. HP: 16/16 MP: 3/5
   219 | D:1      | Reached skill level 4 in Earth Magic
   306 | D:1      | Reached XP level 3. HP: 20/20 MP: 6/6
   361 | D:1      | Reached skill level 1 in Fighting
   814 | D:2      | Reached skill level 1 in Shields
   909 | D:2      | Noticed Robin
   917 | D:2      | Killed Robin
   918 | D:2      | Reached XP level 4. HP: 18/25 MP: 0/7
  1472 | D:2      | Found a runed translucent door.
  1473 | D:2      | Noticed Crazy Yiuf
  1635 | D:2      | Reached XP level 5. HP: 20/29 MP: 8/8
  2168 | D:2      | Killed Crazy Yiuf
  2169 | D:2      | Reached skill level 1 in Polearms
  2453 | D:2      | Learned a level 2 spell: Passwall
  2457 | D:2      | Learned a level 3 spell: Stone Arrow
  2585 | D:3      | Found a glowing drain.
  2608 | Sewer    | Entered a sewer
  2857 | Sewer    | Reached XP level 6. HP: 35/35 MP: 10/10
  2888 | Sewer    | Reached skill level 5 in Earth Magic
  3679 | Sewer    | Reached XP level 7. HP: 36/40 MP: 9/12
  4572 | D:3      | Found an ancient bone altar of Kikubaaqudgha.
  4897 | D:4      | Noticed Menkaure
  5257 | D:4      | Found a sacrificial altar of Ru.
  5365 | D:4      | Reached skill level 1 in Staves
  5507 | D:4      | Noticed Pikel
  5512 | D:4      | Killed Pikel
  5513 | D:4      | Reached skill level 6 in Earth Magic
  5513 | D:4      | Reached XP level 8. HP: 48/48 MP: 7/14
  5541 | D:4      | Blown up by a gnoll

Illustrated notes

Levels and vault maps discovered:
D:1:      heliophobic_arrival_henge, layout_rooms
D:2:      layout_basic, minmay_misc_feat_pillars, kennysheep_generic_room_5,
          uniq_robin, uniq_crazy_yiuf_cottage
D:3:      layout_loops_corners, lemuel_doored_altar, portal_sewer_entry_a,
          nicolae_underground_beach
D:4:      layout_basic, lemuel_round_altar, old_standard_altar, minmay_ruptured,
          uniq_pikel, uniq_menkaure

Skill      XL: |  1  2  3  4  5  6  7 |
---------------+----------------------+-----
Earth Magic    | 4 5 6 |  6.5
Fighting       | 1 2 3 |  3.7
Shields        | 1 2 3 |  3.7
Polearms       | 1 2 |  2.2
Stealth        | 3 |  3.0
Spellcasting   | 3 4 |  4.5
Dodging        | 2 3 |  3.1
Staves         | 2 |  2.0
Short Blades   | |  0.1
Transmutations | |  0.7

Action                   |  1- 3 |  4- 6 |  7- 9 || total
-------------------------+-------+-------+-------++-------
Melee: Short sword       |     5 |       |       ||     5
       Spear             |    55 |   385 |     5 ||   445
       Staff             |       |       |   144 ||   144
       Whip              |       |       |    15 ||    15
 Cast: Sandblast         |    24 |    60 |    19 ||   103
       Stone Arrow       |       |     1 |       ||     1
  Use: Scroll            |       |     7 |     3 ||    10
       Potion            |       |       |     1 ||     1
 Stab: Sleeping          |     4 |     4 |     3 ||    11
       Invisible         |       |     1 |       ||     1
Armor: Robe              |    24 |     6 |       ||    30
       Animal skin       |       |   181 |    94 ||   275
Dodge: Dodged            |    60 |   307 |   167 ||   534

Table legend: (Time is in decaauts)
 A = Elapsed time spent in this place.
 B = Non-inter-level travel time spent in this place.
 C = Inter-level travel time spent in this place.
 D = Time resting spent in this place.
 E = Time spent auto-exploring this place.
 F = Levels seen in this place.
 G = Mean time per level.
                   A        B        C        D        E       F      G
               +--------+--------+--------+--------+--------+-----+--------+
         Total |   5715 |   5497 |    218 |    767 |   3110 |   5 | 1143.0 |
       Dungeon |   4412 |   4194 |    218 |    408 |   2735 |   4 | 1103.0 |
         Sewer |   1303 |   1303 |      0 |    359 |    375 |   1 | 1303.0 |
               +--------+--------+--------+--------+--------+-----+--------+

Top non-repeatable levels by time:
     D:2: 1673 daAuts
   Sewer: 1303 daAuts
     D:3: 1149 daAuts
     D:1: 846 daAuts
     D:4: 743 daAuts
